 Dungeon Crawl Stone Soup version 0.29-a0-721-g7f417c9bbb (webtiles) character file.

Game seed: 18292780676533895015

72 Mgcat the Trooper (level 4, 0/49 HPs)
             Began as an Ogre Fighter on June 27, 2022.
             Succumbed to Robin's poison
             ... on level 2 of the Dungeon.
             The game lasted 00:01:49 (1275 turns).

Mgcat the Trooper (Ogre Fighter)                    Turns: 1275, Time: 00:01:50

Health: 0/49       AC:  3    Str: 22    XL:     4   Next: 26%
Magic:  4/4        EV:  8    Int:  9    God:
Gold:   98         SH:  7    Dex:  8    Spells: 3/3 levels left

rFire   . . .      SeeInvis .   o - +2 hammer (drain)
rCold   . . .      Faith    .   c - +0 kite shield
rNeg    . . .      Spirit   .   b - +0 robe
rPois   .          Reflect  .   (helmet restricted)
rElec   .          Harm     .   (no cloak)
rCorr   .          Rampage  .   (gloves unavailable)
Will    .....                   (boots unavailable)
Stlth   +.........              (no amulet)
HPRegen 0.16/turn               (no ring)
MPRegen 0.09/turn               (no ring)

@: lethally poisoned (0 -> -2)
A: large, unfitting armour, tough skin 1
a: no special abilities


You were on level 2 of the Dungeon.
You visited 1 branch of the dungeon, and saw 2 of its levels.

You collected 98 gold pieces.

Inventory:

Hand Weapons
 a - a +0 war axe
 o - a +2 hammer of draining (weapon)
   (You found it on level 2 of the Dungeon)
Armour
 b - a +0 robe (worn)
 c - a +0 kite shield (worn)
Jewellery
 j - a ring of magical power {MP+9}
   (You found it on level 1 of the Dungeon)
Wands
 l - a wand of iceblast (9)
   (You found it on level 2 of the Dungeon)
Scrolls
 g - a scroll of enchant armour {unknown}
 i - a scroll of identify
 n - a scroll of vulnerability {unknown}
Potions
 d - 3 potions of might
 e - a potion of mutation {unknown}
 f - 3 potions of haste {unknown}
 h - a potion of lignification {unknown}
 k - a potion of berserk rage {unknown}
 m - a potion of magic {unknown}
 p - a potion of cancellation {unknown}


   Skills:
 + Level 4.6 Fighting
 * Level 3.1 Axes
 + Level 3.1 Dodging
 + Level 3.4 Shields


You had 3 spell levels left.
You didn't know any spells.
Your spell library contained the following spells:

 Spells                   Type           Power      Damage    Failure   Level
 Magic Dart               Conj           0%         1d3       67%         1
 Searing Ray              Conj           0%         2d4       82%         2
 Fulminant Prism          Conj/Hex       0%         3d6       100%        4


Dungeon Overview and Level Annotations

Branches:
Dungeon (1/15)

Altars:

Annotations:
D:2 1 runed translucent door, Crazy Yiuf


Innate Abilities, Weirdness & Mutations

You are too large for most types of armour.
You have tough skin. (AC +1)


Message History

You block the goblin's attack. The goblin hits you with a +0 club.
A hobgoblin comes into view.
The goblin hits you but does no damage. The goblin completely misses you.
You take 1 damage, and have 43/49 hp.
You closely miss the goblin. You block the goblin's attack. x2
The goblin barely misses you.
Robin roars a battlecry!
The goblins go into a battle-frenzy!
You hit the goblin.
You kill the goblin!
The goblin hits you with a +0 dagger. The goblin closely misses you.
Robin throws the goblin at you!
You barely miss the goblin. You block the goblin's attack.
The goblin hits you with a +0 dagger.
A goblin comes into view.
It is wielding a +1 dagger of electrocution.
The goblin hits you but does no damage.
The goblin hits you with a +0 dagger. x2
The goblin closely misses you.
The goblin moves out of view.
You are too injured to fight recklessly!
You are too injured to fight recklessly!
You are too injured to fight recklessly!
You are too injured to fight recklessly!
You are too injured to fight recklessly!
You are too injured to fight recklessly!
You are too injured to fight recklessly!
You are too injured to fight recklessly!
You take 18 damage, and have 25/49 hp.
MASSIVE DAMAGE!!
You are too injured to fight recklessly!
You are too injured to fight recklessly!
You are too injured to fight recklessly!
You are too injured to fight recklessly!
You are too injured to fight recklessly!
You are too injured to fight recklessly!
You are too injured to fight recklessly!
You are too injured to fight recklessly!
You are too injured to fight recklessly!
You are too injured to fight recklessly!
You are too injured to fight recklessly!
You are too injured to fight recklessly!
You are too injured to fight recklessly!
You are too injured to fight recklessly!
The goblin hits you with a +0 dagger.
You take 2 damage, and have 23/49 hp.
The goblin attacks as you move away! The goblin hits you but does no damage.
The goblin attacks as you move away! You block the goblin's attack.
You sock the goblin!
You kill the goblin!
You hit the goblin.
The goblin is severely wounded.
You block the goblin's attack. The goblin closely misses you.
Robin points. "Kill!"
You hit Robin. You drain Robin.
Robin is heavily wounded.
Robin hits you with a +2 short sword of venom.
You are poisoned.
You take 2 damage, and have 21/49 hp.
You hit Robin but do no damage.
Robin is heavily wounded.
You feel very sick.
The goblin no longer looks unusually strong. x2
You block the goblin's attack. The goblin hits you with a +0 dagger.
The goblin hits you but does no damage. The goblin hits you with a +0 dagger.
* * * LOW HITPOINT WARNING * * *
Robin barely misses you.
You take 7 damage, and have 14/49 hp.
You hit Robin. You drain Robin.
Robin is almost dead.
You feel sick.
The goblin no longer looks unusually strong. x2
The goblin barely misses you.
Robin roars a battlecry!
The goblins go into a battle-frenzy!
The goblin closely misses you.
You take 2 damage, and have 12/49 hp.
You hit Robin.
You kill Robin!
You feel sick.
The goblin no longer looks unusually strong.
The goblin hits you but does no damage. The goblin hits you with a +0 dagger.
* * * LOW HITPOINT WARNING * * *
The goblin hits you with a +0 dagger.
* * * LOW HITPOINT WARNING * * *
You block the goblin's attack. The goblin hits you with a +0 dagger.
* * * LOW HITPOINT WARNING * * *
You take 11 damage, and have 1/49 hp.
MASSIVE DAMAGE!!
As you read the scroll labelled ALUILIMUIM, it crumbles to dust.
It is a scroll of identify.
Really abort (and waste the scroll)? [Y]es or [N]o only, please.
Really abort (and waste the scroll)? [Y]es or [N]o only, please.
Really abort (and waste the scroll)?
Really abort (and waste the scroll)? [Y]es or [N]o only, please.
Really abort (and waste the scroll)? [Y]es or [N]o only, please.
Really abort (and waste the scroll)? [Y]es or [N]o only, please.
Really abort (and waste the scroll)?
Okay, then.
You die...

#####.#.#.....#
........#.######.#..
##..##..#.#.........
#......†[...###..#..
.#....#.#)###g.#
#.##.#.#g..ggg# #
#......#g####....
####.###g###g....
#.# #g@ggg.... #####
#.# ######....
....#######.# #
###.#.......#
#.#.####### ###.#.#
....#.# †####.#
.####'######


You could see 8 goblins.

Vanquished Creatures
  Robin (D:2)
  2 adders (D:2)
  A dart slug (D:1)
  3 ball pythons
  7 bats
  4 endoplasms
  3 giant cockroaches
  4 goblins (D:2)
  2 hobgoblins
  5 kobolds
  2 quokkas (D:1)
  3 frilled lizards
  A rat (D:1)
38 creatures vanquished.

Notes
Turn   | Place    | Note
-------+----------+-------------------------------------------
     0 | D:1      | Mgcat the Ogre Fighter began the quest for the Orb.
     0 | D:1      | Reached XP level 1. HP: 24/24 MP: 1/1
   245 | D:1      | Found a faded altar of an unknown god.
   249 | D:1      | Reached XP level 2. HP: 26/32 MP: 2/2
   615 | D:1      | Reached XP level 3. HP: 32/39 MP: 3/3
   748 | D:1      | You fall into a shaft and drop 1 floor!
   822 | D:2      | Reached skill level 3 in Dodging
  1051 | D:2      | Found a runed translucent door.
  1052 | D:2      | Noticed Crazy Yiuf
  1151 | D:2      | Reached skill level 3 in Axes
  1167 | D:2      | Reached XP level 4. HP: 48/49 MP: 4/4
  1258 | D:2      | Noticed Robin
  1273 | D:2      | HP: 12/49 [poisoned by Robin]
  1274 | D:2      | Killed Robin
  1274 | D:2      | HP: 4/49 [goblin/+0 dagger[Robin] (3)]
  1274 | D:2      | HP: 1/49 [goblin/+0 dagger[Robin] (3)]
  1275 | D:2      | Succumbed to Robin's poison

Illustrated notes

Levels and vault maps discovered:
D:1:      lemuel_arrival_behind_the_door_large, layout_loops_ring,
          hellmonk_ecumenical_altar_blasted, supply_closet_lemuel,
          minmay_stone_trees_small, minmay_heptomino_d4
D:2:      layout_basic, minmay_misc_feat_chi, uniq_crazy_yiuf_cottage,
          uniq_robin, uniq_natasha

Skill      XL: |  1  2  3 |
---------------+----------+-----
Dodging        | 3 |  3.1
Axes           | 3 |  3.1
Fighting       | |  4.6
Shields        | |  3.4

Action                   |  1- 3 |  4- 6 || total
-------------------------+-------+-------++-------
Melee: War axe           |    80 |       ||    80
       Mace              |    11 |    18 ||    29
  Use: Scroll            |       |     1 ||     1
Armor: Robe              |    37 |    12 ||    49
Dodge: Dodged            |    48 |    11 ||    59
Block: Kite shield       |    51 |    12 ||    63

Table legend: (Time is in decaauts)
 A = Elapsed time spent in this place.
 B = Non-inter-level travel time spent in this place.
 C = Inter-level travel time spent in this place.
 D = Time resting spent in this place.
 E = Time spent auto-exploring this place.
 F = Levels seen in this place.
 G = Mean time per level.
                   A        B        C        D        E       F      G
               +--------+--------+--------+--------+--------+-----+--------+
         Total |   1328 |   1328 |      0 |     78 |    965 |   2 |  664.0 |
       Dungeon |   1328 |   1328 |      0 |     78 |    965 |   2 |  664.0 |
               +--------+--------+--------+--------+--------+-----+--------+

Top non-repeatable levels by time:
     D:1: 780 daAuts
     D:2: 547 daAuts

Table legend:
 A = Kills in this place as a percentage of kills in entire the game.
 B = Kills by you in this place as a percentage of kills by you in the entire game.
 C = Kills by friends in this place as a percentage of kills by friends in the entire game.
 D = Other kills in this place as a percentage of other kills in the entire game.
 E = Experience gained in this place as a percentage of experience gained in the entire game.
 F = Experience gained in this place divided by the number of levels of this place that you have seen.
                   A       B       C       D       E      F
               +-------+-------+-------+-------+-------+----------------------
         Total | 100.0 | 100.0 |   N/A |   N/A | 100.0 |  52.0
       Dungeon | 100.0 | 100.0 |   N/A |   N/A | 100.0 |  52.0
               +-------+-------+-------+-------+-------+----------------------
